AoeStats
← LM | TornardoBriese

Arena

508746633Analyzed
1v1 RM · 8d ago on Sep 23, 2026· 44m 17s· 2 players
Game mode
Random Map
Map size
Tiny (2 player)
Population
200
Speed
Normal
Resources
Standard
Victory
Conquest
Starting age
Dark Age
Ending age
Imperial Age
RankedLock teamsTeams togetherTeam positionsShared explorationLock speedFull tech treeHidden civsTurbo modeCheats
Victory
Defeat
🇺🇾 Saxons · Uruguay
1168
+16
🇨🇭 Burgundians · Switzerland
1163
-16
LM | TornardoBriese
3:34 Double-Bit Axe
7:49 Horse Collar
11:15 Feudal Age
14:55 Castle Age
14:52 Bow Saw
14:48 Heavy Plow
15:47 Light Cavalry
21:16 Fortified Wall
21:29 Stone Mining
23:03 Fletching
25:14 Loom
37:30 Imperial Age
35:25 Scale Barding Armor
39:11 Bodkin Arrow
43:11 Chain Barding Armor
44:59 Plate Barding Armor
AxD | Empomeitor
10:00 Feudal Age
13:50 Castle Age
12:22 Stone Mining
12:19 Double-Bit Axe
14:31 Loom
18:14 Scale Mail Armor
24:14 Chain Mail Armor
24:15 Forging
31:54 Imperial Age
30:03 Arson
30:19 Squires
30:17 Fletching
32:27 Iron Casting
31:50 Gold Mining
35:06 Shield Wall
36:07 Conscription
37:49 Gold Shaft Mining
38:11 Plate Mail Armor
42:02 Wheelbarrow
Connection lost

Rejoining the realm…

Still unreachable

The connection could not be restored.

Session expired

The server has moved on; the page needs a fresh start.